 Dungeon Crawl Stone Soup version 0.27-a0-899-ge2d0b17c59 (webtiles) character file.

Game seed: 17925881226786606740

2922 robertstho the Covert (level 9, -3/62 HPs)
             Began as an Octopode Fighter on Apr 5, 2021.
             Was a Believer of Okawaru.
             Slain by a hornet (17 damage)
             ... while paralysed by a hornet
             ... on level 8 of the Dungeon.
             The game lasted 00:09:54 (8983 turns).

robertstho the Covert (Octopode Fighter)            Turns: 8983, Time: 00:09:54

Health: -3/62      AC:  1    Str: 19    XL:     9   Next: 79%
Magic:  11/11      EV:  2    Int: 10    God:    Okawaru [**....]
Gold:   379        SH:  0    Dex: 16    Spells: 8/8 levels left

rFire    . . .     SeeInvis +   m - +2 whip "Newt's Regret" {elec, Dex+5 SInv Stlth-}
rCold    . . .     Faith    .   b - +1 kite shield
rNeg     . . .     Spirit   .   (helmet restricted)
rPois    .         Reflect  .   (no amulet)
rElec    .         Harm     .   (no ring)
rCorr    .         Rampage  .   (no ring)
Will     .....                  (no ring)
Stlth    +++++.....             (no ring)
HPRegen  0.20/turn              (no ring)
MPRegen  0.12/turn              (no ring)
                                (no ring)
                                (no ring)

@: paralysed, lethally poisoned (-3 -> -24), slowed
A: almost no armour, amphibious, 8 rings, camouflage 1, gelatinous body 1,
(nimble swimmer 1), tentacles
a: Renounce Religion, Heroism


You were on level 8 of the Dungeon.
You worshipped Okawaru.
Okawaru was pleased with you.
You visited 2 branches of the dungeon, and saw 9 of its levels.
You also visited: Ossuary.

You collected 379 gold pieces.

Inventory:

Hand Weapons
 h - a +3 dagger of electrocution
 i - a +0 rapier of speed
 m - the +2 whip "Newt's Regret" (weapon) {elec, Dex+5 SInv Stlth-}
   (You found it on level 5 of the Dungeon)

   Occasionally, upon striking a foe, it can discharge electrical energy and
   cause terrible harm.
   It affects your dexterity (+5).
   It lets you see invisible.
   It makes you less stealthy.
 o - a +0 dagger of venom
 p - a +2 vampiric short sword
Missiles
 k - 2 throwing nets (quivered)
Armour
 b - a +1 kite shield (worn)
Jewellery
 w - a +6 ring of strength
Wands
 x - a wand of charming (6)
Scrolls
 f - a scroll of identify
 n - a scroll of enchant armour
 u - 3 scrolls of fog
Potions
 a - 2 potions of lignification {unknown}
 c - 2 potions of flight {unknown}
 d - a potion of curing
 e - 5 potions of heal wounds {unknown}
 g - 3 potions of attraction {unknown}
 j - a potion of berserk rage {unknown}
 l - 2 potions of cancellation {unknown}
 q - a potion of magic {unknown}
 r - a potion of degeneration {unknown}
 s - 2 potions of ambrosia {unknown}
 t - 2 potions of haste
 v - a potion of might


   Skills:
 * Level 6.2 Fighting
 + Level 2.7(3.2) Short Blades
 + Level 2.4(3.1) Long Blades
 + Level 3.4 Maces & Flails
 * Level 6.5 Dodging
 * Level 10.8 Stealth
 + Level 4.9 Shields
 * Level 3.0 Invocations


You had 8 spell levels left.
You didn't know any spells.
Your spell library contained the following spells:

 Spells                   Type           Power      Damage    Failure   Level
 Animate Skeleton         Necr           0%         N/A       80%         1
 Apportation              Tloc           0%         N/A       80%         1
 Corona                   Hex            0%         N/A       80%         1
 Summon Small Mammal      Summ           0%         N/A       80%         1


Dungeon Overview and Level Annotations

Branches:
Dungeon (8/15)             Temple (1/1) D:7         Ossuary (visited)
   Lair: D:8-11

Altars:
Ashenzari
Elyvilon
Fedhas
Gozag
Hepliaklqana
Kikubaaqudgha
Makhleb
Nemelex Xobeh
Okawaru
Ru
Trog
Wu Jian
Yredelemnul
Zin
The Shining One

Shops:
D:7 *

Annotations:
D:6 2 runed translucent doors, jasper's ghost, novice DsWz
D:7 1 runed translucent door, 12572944's ghost, novice MiFi


Innate Abilities, Weirdness & Mutations

You cannot wear most types of armour.
You are amphibious.
You can wear up to eight rings at the same time.
Your skin changes colour to match your surroundings (Stealth+).
Your rubbery body absorbs attacks. (AC +1, EV +1)
((You are camouflaged near water. (Stealth+)))
You have tentacles for arms and can constrict up to eight enemies at once.


Message History

No target in view!
No target in view!
No target in view!
No target in view!
No target in view!
No target in view!
No target in view!
Unknown command.
Found a potion of curing and a potion of might.
The helpless hornet fails to defend itself.
You hit the hornet. Your grab misses the hornet.
Your squeeze misses the hornet.
The hornet is lightly wounded.
You block the hornet's attack.
You miss the hornet. You grab the hornet.
You squeeze the hornet, but do no damage.
The hornet is lightly wounded.
You constrict the hornet. The hornet stings you!
You are poisoned.
You feel yourself slow down. The hornet closely misses you.
You hit the hornet. Lightning courses through the hornet!
You squeeze the hornet.
The hornet is heavily wounded.
You constrict the hornet.
You feel very sick. The hornet stings you!
* * * LOW HITPOINT WARNING * * *
You are more poisoned.
You feel as though you will be slow longer.
You block the hornet's attack.
You feel better.
You constrict the hornet! The hornet stings you!
* * * LOW HITPOINT WARNING * * *
You are poisoned.
You suddenly lose the ability to move!
You lose your grip on the hornet.
The hornet stings you.
* * * LOW HITPOINT WARNING * * *
You are lethally poisoned!
You feel as though you will be slow longer.
The hornet stings you!
You die...

## #. #.. ##..
#..###### #..#.....
# +y#..!!.. o+ #@)#
..# #..#######..#
##..#.#.#..###### ..
##...†...##..... .#
##.....##...####
..#..###'###........
#. #................
#. #############....
#.## #....


You could see a hornet.

Vanquished Creatures
  Grinder (D:6)
  4 water moccasins
  A black bear (D:8)
  A sky beast (D:6)
  5 necrophages (D:7)
  An ogre (D:5)
  Blork the orc (D:5)
  2 scorpions
  A bullfrog (D:7)
  A water moccasin skeleton (D:5)
  15 wights
  2 bullfrog zombies
  A gnoll shaman (D:6)
  A hound (D:5)
  2 orc priests (D:7)
  2 centaur skeletons (D:7)
  An iguana (D:6)
  An orc wizard (D:6)
  A killer bee zombie (D:5)
  2 howler monkey zombies (D:7)
  2 mummies (Ossuary)
  Robin (D:3)
  10 gnolls
  3 adders
  A howler monkey skeleton (D:7)
  A shadow imp (D:5)
  2 white imps
  7 adder zombies (Ossuary)
  An adder skeleton (D:4)
  4 worms
  5 dart slugs
  10 orcs
  6 ball pythons
  4 endoplasms
  4 giant cockroaches
  A gnoll zombie (Ossuary)
  14 goblins
  8 hobgoblins
  8 jackals
  10 kobolds
  6 quokkas
  4 bats (D:1)
  A frilled lizard (D:1)
  5 hobgoblin zombies (Ossuary)
  6 kobold zombies (Ossuary)
  9 orc zombies (Ossuary)
  6 rats
185 creatures vanquished.

Vanquished Creatures (collateral kills)
  An iguana (D:6)
1 creature vanquished.

Vanquished Creatures (others)
  22 plants (D:4)
  A withered plant (D:7)
23 creatures vanquished.

Grand Total: 209 creatures vanquished

Notes
Turn   | Place    | Note
-------+----------+-------------------------------------------
     0 | D:1      | robertstho the Octopode Fighter began the quest for the
                  | Orb.
     0 | D:1      | Reached XP level 1. HP: 16/16 MP: 1/1
   185 | D:1      | Reached XP level 2. HP: 21/21 MP: 2/2
   242 | D:1      | Reached skill level 1 in Stealth
   631 | D:1      | Reached XP level 3. HP: 26/26 MP: 3/3
  1156 | D:2      | Reached skill level 2 in Stealth
  1410 | D:2      | Reached XP level 4. HP: 31/31 MP: 4/4
  1735 | D:3      | Found a blossoming altar of Fedhas.
  1820 | D:3      | Reached skill level 3 in Stealth
  1875 | D:3      | Noticed Robin
  1882 | D:3      | Killed Robin
  2086 | D:3      | Found a faded altar of an unknown god.
  2251 | D:4      | Reached XP level 5. HP: 36/36 MP: 5/5
  2266 | D:4      | Reached skill level 4 in Stealth
  2341 | D:4      | Found a basalt altar of Yredelemnul.
  2576 | D:4      | Reached skill level 1 in Short Blades
  2887 | D:4      | Reached skill level 5 in Stealth
  3020 | D:4      | Reached XP level 6. HP: 17/42 MP: 6/6
  3362 | D:4      | Reached skill level 6 in Stealth
  3625 | D:5      | Entered Level 5 of the Dungeon
  3677 | D:5      | Reached XP level 7. HP: 22/48 MP: 7/7
  3967 | D:5      | Reached skill level 7 in Stealth
  4121 | D:5      | Noticed Blork the orc
  4128 | D:5      | Killed Blork the orc
  4183 | D:5      | Identified the +2 whip "Newt's Regret" {elec, Dex+5 SInv
                  | Stlth-}
  4373 | D:5      | Reached skill level 8 in Stealth
  5187 | D:6      | Reached XP level 8. HP: 49/54 MP: 8/8
  5191 | D:6      | Found a burning altar of Makhleb.
  5397 | D:6      | Found a large runed translucent door.
  5397 | D:6      | Found a large runed translucent door.
  5411 | D:6      | Noticed jasper's ghost (novice DsWz)
  5708 | D:6      | Noticed Grinder
  5715 | D:6      | Killed Grinder
  5716 | D:6      | Reached skill level 1 in Maces & Flails
  5716 | D:6      | Reached skill level 5 in Dodging
  5716 | D:6      | Reached skill level 9 in Stealth
  6087 | D:6      | Reached skill level 5 in Fighting
  6212 | D:7      | Found a staircase to the Ecumenical Temple.
  6253 | Temple   | Entered the Ecumenical Temple
  6305 | Temple   | Became a worshipper of Warmaster Okawaru
  6347 | D:7      | Found a runed translucent door.
  6375 | D:7      | Noticed 12572944's ghost (novice MiFi)
  6453 | D:7      | Reached skill level 1 in Invocations
  6509 | D:7      | Reached XP level 9. HP: 34/57 MP: 9/9
  6779 | D:7      | Found Beengin's Serpentskin Sales.
  7248 | D:7      | Reached skill level 10 in Stealth
  7410 | D:7      | Reached * piety under Okawaru
  8681 | D:8      | Found a sand-covered staircase.
  8751 | Ossuary  | Entered an ossuary
  8969 | D:8      | Noticed a hornet
  8974 | D:8      | Reached ** piety under Okawaru
  8983 | D:8      | Paralysed by a hornet for 1 turns
  8983 | D:8      | Slain by a hornet

Illustrated notes

Levels and vault maps discovered:
D:1:      minmay_arrival_cross, layout_basic, minmay_tromino_v4_c
D:2:      minmay_chambers_of_twos, layout_rooms, st_stairs_8
D:3:      layout_basic, fedhas_altar_3, basic_ecumenical_altar,
          kennysheep_path_1, uniq_robin
D:4:      layout_cave_pods, kennysheep_mini, serial_bayou_lagoon_a
D:5:      layout_basic, uniq_blork_the_orc
D:6:      layout_rooms, lemuel_tele_altar, ebering_ghost_disaster_area,
          uniq_grinder
D:7:      layout_basic, minmay_temple_entry_mist, serial_undead,
          serial_undead_b, serial_undead_d, serial_undead_b, serial_undead_d,
          ebering_ghost_reflecting_pool, guppyfry_shop_venom
D:8:      minmay_the_grid_octo_tiled_squarecenter
          [minmay_the_grid_octo_concentric, minmay_the_grid_octo_chip,
          minmay_the_grid_octo_toaster, minmay_the_grid_octo_vomiting_pacman,
          minmay_the_grid_square_5x5_megaprize_crossed,
          minmay_the_grid_square_5x5_sharp_hourglass,
          minmay_the_grid_square_5x5_two_walls_a, minmay_the_grid_square_5x5_c,
          minmay_the_grid_square_5x5_six_small], layout_rooms,
          kennysheep_little_box, lemuel_crystal_altar,
          gammafunk_temple_overflow_pools, enter_ossuary_3, uniq_pikel
Temple:   minmay_temple_bridge_abc

Skill      XL: |  1  2  3  4  5  6  7  8  9 |
---------------+----------------------------+-----
Stealth        | 1 2 3 5 6 8 9 10 | 10.8
Short Blades   | 1 2 |  2.7
Dodging        | 4 5 6 |  6.5
Fighting       | 4 5 6 |  6.2
Maces & Flails | 2 3 |  3.4
Shields        | 4 |  4.9
Invocations    | 1 3 |  3.0
Long Blades    | |  2.4

Action                   |  1- 3 |  4- 6 |  7- 9 || total
-------------------------+-------+-------+-------++-------
Melee: Long sword        |    36 |       |       ||    36
       Constrict         |    12 |    22 |    68 ||   102
       Tentacles         |    11 |    13 |    68 ||    92
       Dagger            |    28 |    96 |     5 ||   129
       Rapier            |       |       |    20 ||    20
       Whip              |       |       |   195 ||   195
  Use: Scroll            |     1 |     8 |     5 ||    14
       Potion            |       |       |     5 ||     5
 Stab: Sleeping          |    14 |    15 |    20 ||    49
Armor: Skin              |     4 |     1 |     5 ||    10
Dodge: Dodged            |    21 |    41 |   105 ||   167
Block: Kite shield       |    28 |    39 |   108 ||   175
       Rpst.: Long sword |     1 |       |       ||     1

Table legend: (Time is in decaauts)
 A = Elapsed time spent in this place.
 B = Non-inter-level travel time spent in this place.
 C = Inter-level travel time spent in this place.
 D = Time resting spent in this place.
 E = Time spent auto-exploring this place.
 F = Levels seen in this place.
 G = Mean time per level.
                   A        B        C        D        E       F      G
               +--------+--------+--------+--------+--------+-----+--------+
         Total |   9055 |   8550 |    505 |    326 |   6878 |  10 |  905.5 |
       Dungeon |   8800 |   8316 |    484 |    326 |   6767 |   8 | 1100.0 |
        Temple |     72 |     52 |     20 |      0 |     36 |   1 |   72.0 |
       Ossuary |    181 |    181 |      0 |      0 |     75 |   1 |  181.0 |
               +--------+--------+--------+--------+--------+-----+--------+

Top non-repeatable levels by time:
     D:7: 1947 daAuts
     D:5: 1578 daAuts
     D:6: 1333 daAuts
     D:4: 1308 daAuts
     D:3: 914 daAuts
     D:1: 894 daAuts
     D:2: 668 daAuts
 Ossuary: 181 daAuts
     D:8: 156 daAuts
  Temple: 72 daAuts
